 Dungeon Crawl Stone Soup version 0.30-a0-140-gd1020e658a (webtiles) character file.

Game seed: 2377815323786781030

520 ReploidZero the Gusty (level 7, -8/40 HPs)
             Began as a Tengu Air Elementalist on Sept 23, 2022.
             Was an Initiate of Ru.
             Mangled by an ice beast (9 damage)
             ... on level 5 of the Dungeon on Sept 24, 2022.
             The game lasted 00:13:06 (4565 turns).

ReploidZero the Gusty (Tengu Air Elementalist)      Turns: 4565, Time: 00:13:08

Health: -8/40      AC:  2    Str:  8    XL:     7   Next: 21%
Magic:  8/14       EV: 15    Int: 16    God:    Ru [......]
Gold:   150        SH:  0    Dex: 16    Spells: 7/14 levels left

rFire   . . .      SeeInvis .    p - +1 dagger (flame)
rCold   . . .      Faith    .    (no shield)
rNeg    + . .      Spirit   .    a - +0 robe
rPois   .          Reflect  .    (helmet restricted)
rElec   .          Harm     .    (no cloak)
rCorr   .          Rampage  .    (no gloves)
Will    .....                    (boots unavailable)
Stlth   ++........               (no amulet)
HPRegen 0.13/turn                f - ring of wizardry
MPRegen 0.14/turn                g - ring of positive energy

@: confused, flying quickly and evasively, quick
A: beak, talons 3, nimble flight, thin skeletal structure 1, dopey 1
a: Renounce Religion


You were on level 5 of the Dungeon.
You worshipped Ru.
Ru was noncommittal.
You visited 1 branch of the dungeon, and saw 5 of its levels.

You collected 150 gold pieces.

Inventory:

Hand Weapons
 p - a +1 dagger of flaming (weapon)
Armour
 a - a +0 robe (worn)
Jewellery
 f - a ring of wizardry (left hand)
 g - a ring of positive energy (right hand)
Wands
 d - a wand of mindburst (11)
Scrolls
 e - 2 scrolls of noise
 l - a scroll of fear {unknown}
 m - a scroll of blinking {unknown}
 o - a scroll of vulnerability {unknown}
 q - a scroll of amnesia {unknown}
Potions
 b - a potion of magic
 h - a potion of flight {unknown}
 i - a potion of haste {unknown}
 j - a potion of attraction {unknown}
 k - a potion of invisibility {unknown}
 n - a potion of berserk rage {unknown}


   Skills:
 + Level 2.1 Fighting
 - Level 3.0 Dodging
 - Level 2.0 Stealth
 + Level 4.0 Spellcasting
 + Level 5.1 Conjurations
 + Level 6.4 Air Magic


You had 7 spell levels left.
You knew the following spells:

 Your Spells              Type           Power      Damage    Failure   Level
a - Shock                 Conj/Air       84%        1d8       1%          1
b - Static Discharge      Conj/Air       42%        2-4/arc   1%          2
c - Airstrike             Air            11%        2d(2-18)  4%          4

Your spell library contained the following spells:

 Spells                   Type           Power      Damage    Failure   Level
 Swiftness                Air            23%        N/A       1%          3
 Poisonous Vapours        Pois/Air       26%        N/A       2%          2
 Cigotuvi's Dreadful Rot  Necr/Pois/Air  20%        N/A       4%          2
 Ensorcelled Hibernation  Hex/Ice        6%         N/A       11%         2
 Passwall                 Tmut/Erth      2%         N/A       11%         2
 Sublimation of Blood     Necr           3%         N/A       11%         2
 Wereblood                Tmut           3%         N/A       11%         2
 Gell's Gravitas          Tloc           3%         N/A       21%         3
 Lesser Beckoning         Tloc           3%         N/A       21%         3
 Teleport Other           Tloc           3%         N/A       21%         3
 Summon Hydra             Summ           1%         N/A       100%        7


Dungeon Overview and Level Annotations

Branches:
Dungeon (4/15)
 Temple: D:4-7

Altars:
Ru

Shops:
D:2 [=(=:

Annotations:
D:5 2 transporters, Splishie's ghost, amateur GnWn


Innate Abilities, Weirdness & Mutations

You have a beak for a mouth.
You have claws for feet.
Your magical nature lets you fly swiftly and evasively.
You have a somewhat thin skeletal structure. (Dex +2, Stealth+)
You are dopey. (Int -2)


Message History

An orc comes into view. It is wielding a +0 hand axe.
Splishie's ghost takes aim.
As you read the scroll labelled IVUSUN BYT ETA, it crumbles to dust.
You hear a loud clanging noise!
It was a scroll of noise.
You hear a shout!
You hear an angry growl.
You hear an angry hiss.
The ice beast hits you. The ice beast freezes you.
The orc wizard gestures at you while chanting.
You are confused.
An orc comes into view. It is wielding a +0 hand axe.
You hear a shout!
Unknown command.
Okay, then.
It was a potion of mutation.
You feel extremely strange.
Your bones become slightly less dense.
You feel stupid.
The orc shouts!
An adder comes into view.
The orc wizard gestures wildly while chanting.
The orc wizard flickers and vanishes!
Deactivating autopickup; reactivate with Ctrl-A.
The ice beast hits you. The ice beast freezes you!
Unknown command.
Unknown command.
The ufetubus misses you. The ufetubus barely misses you.
A jelly comes into view.
The ice beast hits you. The ice beast freezes you!
* * * LOW HITPOINT WARNING * * *
The jelly quivers.
You hit the ufetubus. You burn the ufetubus. Your kick misses the ufetubus.
Your peck misses the ufetubus.
The ufetubus is heavily wounded.
The ufetubus barely misses you. x2; The ice beast misses you.
The ufetubus misses you. The ufetubus closely misses you.
You hit the orc but do no damage. Your kick misses the orc.
The ufetubus barely misses you. The ufetubus hits you.
* * * LOW HITPOINT WARNING * * *
The orc completely misses you. The ice beast hits you.
* * * LOW HITPOINT WARNING * * *
The ice beast freezes you!
You die...

#######
##########..$..##
##.....J.........#
#....S.w.........##
#...#########......
#5Y##W......##.w..#
#.@#8W.#.#..8#....#
#.o#g.#...#..#.....
#.o#$........#...##
..©#!...©....#©..#
#...#$........#..###
#...#..#...#..#.....
....#8..#.#..8#..###
.....##©......##..#
...#########...#


You could see an ice beast, a phantom, a gnoll bouda, a jelly, Splishie's ghost,
an adder, a dart slug, 2 orcs and an ufetubus.

Vanquished Creatures
  Grinder (D:3)
  A phantom (D:4)
  A hound (D:5)
  2 orc priests (D:3)
  Jessica (D:3)
  Natasha (D:3)
  An orc wizard (D:3)
  3 adders
  3 dart slugs
  2 orcs (D:3)
  4 bats
  5 endoplasms
  2 giant cockroaches
  5 goblins
  7 hobgoblins
  3 quokkas
  8 ball pythons
  3 frilled lizards
  15 kobolds
  A rat (D:1)
69 creatures vanquished.

Vanquished Creatures (others)
  A plant (D:1)
1 creature vanquished.

Grand Total: 70 creatures vanquished

Notes
Turn   | Place    | Note
-------+----------+-------------------------------------------
     0 | D:1      | ReploidZero the Tengu Air Elementalist began the quest for
                  | the Orb.
     0 | D:1      | Reached XP level 1. HP: 10/10 MP: 4/4
     2 | D:1      | Noticed a demonspawn
     2 | D:1      | Noticed a draconian
     4 | D:1      | Noticed an elf
     4 | D:1      | Noticed a naga
     6 | D:1      | Noticed a minotaur
     8 | D:1      | Noticed a vine stalker
     8 | D:1      | Noticed a vampire
    10 | D:1      | Noticed a demigod
    12 | D:1      | Noticed a palentonga
    15 | D:1      | Noticed an ogre
    15 | D:1      | Noticed a merfolk
    17 | D:1      | Noticed a tengu
    17 | D:1      | Noticed a formicid
    19 | D:1      | Noticed a gargoyle
    19 | D:1      | Noticed a ghoul
    21 | D:1      | Noticed a meteoran
    21 | D:1      | Noticed a felid
    23 | D:1      | Noticed a human
    23 | D:1      | Noticed an octopode
    25 | D:1      | Noticed a troll
    25 | D:1      | Noticed an octopode
    27 | D:1      | Noticed a tengu
    27 | D:1      | Noticed a troll
   286 | D:1      | Reached XP level 2. HP: 15/15 MP: 4/6
   979 | D:2      | Found Yrchogenn's Book Shoppe.
   988 | D:2      | Learned a level 2 spell: Static Discharge
  1038 | D:2      | Reached XP level 3. HP: 8/19 MP: 2/7
  1281 | D:2      | Found Cyesua's Jewellery Emporium.
  1368 | D:2      | Found Etusty Oche's Jewellery Shoppe.
  1609 | D:2      | Found a faded altar of an unknown god.
  1671 | D:2      | Found Xienlu's Weapon Shop.
  1675 | D:2      | Upgraded the game from 0.30-a0-137-gd8773701ce to
                  | 0.30-a0-140-gd1020e658a
  1686 | D:2      | Found Xuhaf's Antique Armour Shop.
  1870 | D:3      | Reached XP level 4. HP: 14/24 MP: 0/8
  1999 | D:3      | Reached skill level 5 in Air Magic
  1999 | D:3      | Gained mutation: Your magical nature lets you fly swiftly
                  | and evasively. [Tengu growth]
  1999 | D:3      | Reached XP level 5. HP: 13/28 MP: 0/10
  2899 | D:3      | Found a sacrificial altar of Ru.
  2948 | D:3      | Became a worshipper of Ru the Awakened
  3020 | D:3      | Noticed Jessica
  3026 | D:3      | Killed Jessica
  3195 | D:3      | Noticed Natasha
  3203 | D:3      | Killed Natasha
  3520 | D:3      | Noticed Grinder
  3521 | D:3      | Paralysed by Grinder for 2 turns
  3532 | D:3      | Killed Grinder
  3533 | D:3      | Reached skill level 1 in Fighting
  3533 | D:3      | Reached skill level 6 in Air Magic
  3533 | D:3      | Reached XP level 6. HP: 18/34 MP: 0/12
  3973 | D:3      | Learned a level 4 spell: Airstrike
  4252 | D:4      | Reached skill level 5 in Conjurations
  4252 | D:4      | Reached XP level 7. HP: 27/39 MP: 8/13
  4519 | D:4      | You are sucked into a shaft and drop 1 floor!
  4519 | D:5      | Entered Level 5 of the Dungeon
  4520 | D:5      | Found a transporter.
  4525 | D:5      | Noticed Splishie's ghost (amateur GnWn)
  4527 | D:5      | Found a transporter.
  4562 | D:5      | Gained mutation: You have a somewhat thin skeletal
                  | structure. (Dex +2, Stealth+) [potion of mutation]
  4562 | D:5      | Gained mutation: You are dopey. (Int -2) [potion of
                  | mutation]
  4565 | D:5      | HP: 1/40 [ice beast (3)]
  4565 | D:5      | Mangled by an ice beast

Illustrated notes

Levels and vault maps discovered:
D:1:      kb_arrival_jail, layout_basic, serial_forest,
          infiniplex_forest_zigzag_1, infiniplex_forest_clump_long,
          infiniplex_forest_corner_1, infiniplex_forest_corner_1,
          infiniplex_forest_end_2, infiniplex_forest_straight_2,
          infiniplex_forest_clump_curved, infiniplex_forest_clump_cross,
          infiniplex_forest_straight_1
D:2:      layout_rooms, serial_shops, shop_statue, nicolae_shop_statue_plus,
          shop, nicolae_diamond_shop, shop, dilly_ecumenical_altar_fadedgnrine
D:3:      layout_loops_corners, mainiacjoe_overflow_catwalk,
          hangedman_decor_diamond_cutter, hangedman_decor_slide_cut,
          hangedman_decor_growths, uniq_grinder, uniq_natasha, uniq_jessica
D:4:      layout_loops_corners, mainiacjoe_overflow_surrounded_room,
          chequers_avenue, minmay_misc_feat_chi, uniq_blork_the_orc
D:5:      layout_loops_corners, slow_altar_1, minmay_temple_entry_steel_oval,
          gammafunk_ghost_arena

Skill      XL: |  1  2  3  4  5  6  7 |
---------------+----------------------+-----
Conjurations   | 2 3 4 5 |  5.1
Dodging        | 3 |  3.0
Spellcasting   | 3 4 |  4.0
Air Magic      | 5 6 |  6.4
Fighting       | 1 2 |  2.1
Stealth        | |  2.0

Action                   |  1- 3 |  4- 6 |  7- 9 || total
-------------------------+-------+-------+-------++-------
Melee: Whip              |    26 |    28 |       ||    54
       Kick              |     7 |    10 |     2 ||    19
       Peck              |     3 |     9 |       ||    12
       Punch             |       |     1 |       ||     1
       Dagger            |       |    22 |     7 ||    29
 Cast: Shock             |    45 |    19 |       ||    64
       Static Discharge  |     7 |    15 |     4 ||    26
  Use: Scroll            |       |       |     1 ||     1
       Potion            |       |       |     1 ||     1
 Stab: Sleeping          |     3 |     2 |       ||     5
Armor: Robe              |     6 |     6 |     1 ||    13
Dodge: Dodged            |    35 |    50 |    14 ||    99

Table legend: (Time is in decaauts)
 A = Elapsed time spent in this place.
 B = Non-inter-level travel time spent in this place.
 C = Inter-level travel time spent in this place.
 D = Time resting spent in this place.
 E = Time spent auto-exploring this place.
 F = Levels seen in this place.
 G = Mean time per level.
                   A        B        C        D        E       F      G
               +--------+--------+--------+--------+--------+-----+--------+
         Total |   4444 |   4257 |    187 |      0 |   3736 |   5 |  888.8 |
       Dungeon |   4444 |   4257 |    187 |      0 |   3736 |   5 |  888.8 |
               +--------+--------+--------+--------+--------+-----+--------+

Top non-repeatable levels by time:
     D:3: 1944 daAuts
     D:1: 980 daAuts
     D:2: 978 daAuts
     D:4: 499 daAuts
     D:5: 41 daAuts
